 Dungeon Crawl Stone Soup version 0.30-a0-778-g2ef04afb54 (webtiles) character file.

Game seed: 4959889519179409216

922 Smoke131 the Firebug (level 7, -16/50 HPs)
             Began as a Grey Draconian Fire Elementalist on Feb 16, 2023.
             Engulfed by a cloud of flame (25 damage)
             ... on level 5 of the Dungeon.
             The game lasted 00:15:38 (4752 turns).

Smoke131 the Firebug (DrFE)                         Turns: 4752, Time: 00:15:39

Health: -16/50     AC: 13    Str: 11    XL:     7   Next: 84%
Magic:  10/14      EV: 12    Int: 23    God:
Gold:   1202       SH:  0    Dex: 11    Spells: 6/15 levels left

rFire   . . .      SeeInvis .    n - +0 scimitar
rCold   . . .      Faith    .    (no shield)
rNeg    . . .      Spirit   .    (body armour unavailable)
rPois   .          Reflect  .    (helmet restricted)
rElec   .          Harm     .    (no cloak)
rCorr   .          Rampage  .    b - +1 pair of gloves
Will    .....                    (no boots)
Stlth   ++                       (no amulet)
HPRegen 0.28/turn                p - +6 ring of intelligence
MPRegen 0.14/turn                (no ring)

@: no status effects
A: AC +11, amphibious, unfitting armour, cold-blooded
a: no special abilities


You were on level 5 of the Dungeon.
You visited 1 branch of the dungeon, and saw 6 of its levels.

You collected 1202 gold pieces.

Inventory:

Hand Weapons
 i - a +4 dagger of holy wrath
 n - a +0 scimitar (weapon)
Armour
 b - a +1 pair of gloves (worn)
Jewellery
 o - a ring of positive energy
 p - a +6 ring of intelligence (left hand)
Wands
 g - a wand of iceblast (21)
 q - a wand of flame (32)
Scrolls
 e - 2 scrolls of poison
 f - 2 scrolls of amnesia
 j - a scroll of brand weapon {unknown}
 m - a scroll of fear
 r - a scroll of magic mapping
Potions
 a - a potion of magic
 c - 3 potions of curing
 d - a potion of mutation {unknown}
 h - 2 potions of flight
 k - a potion of resistance
 l - a potion of lignification {unknown}


   Skills:
 - Level 2.0 Dodging
 - Level 3.8 Stealth
 + Level 4.7 Spellcasting
 + Level 4.7 Conjurations
 + Level 5.5 Fire Magic


You had 6 spell levels left.
You knew the following spells:

 Your Spells              Type           Power      Damage    Failure   Level
a - Foxfire               Conj/Fire      100%       2x1d9     1%          1
b - Scorch                Fire           62%        2d8       1%          2
c - Inner Flame           Hex/Fire       18%        N/A       10%         3
d - Kindle Blastsparks    Fire/Tloc/Air  28%        2d12      14%         3

Your spell library contained the following spells:

 Spells                   Type           Power      Damage    Failure   Level
 Slow                     Hex            20%        N/A       10%         1
 Flame Wave               Conj/Fire      29%        2d9       12%         4
 Confusing Touch          Hex            5%         N/A       28%         3
 Vampiric Draining        Necr           5%         2d6       28%         3


Dungeon Overview and Level Annotations

Branches:
Dungeon (6/15)
 Temple: D:4-7

Altars:
Hepliaklqana
Kikubaaqudgha
Yredelemnul
Zin


Innate Abilities, Weirdness & Mutations

Your dull iron-grey scales are very hard. (AC +11)
You are amphibious.
You cannot fit into any form of body armour.
You are cold-blooded and may be slowed by cold attacks.


Message History

The ice beast freezes you!
You feel yourself slow down. The orc closely misses you. x2
There is a stone staircase leading up here.
The orc hits you but does no damage. x2
The ice beast hits you but does no damage.
The orc closely misses you. The gnoll misses you.
The orc hits you with a +0 hand axe. The gnoll misses you.
The orc barely misses you. The orc misses you.
The ice beast closely misses you.
You climb upwards.
You feel yourself speed up.
There is a stone staircase leading down here.
The orc closely misses you. The orc hits you but does no damage.
The orc attacks as you move away! The orc closely misses you.
The orc barely misses you. The orc attacks as you move away!
The orc hits you with a +0 flail. The orc attacks as you move away!
The orc barely misses you.
Casting: Foxfire (safe; 1% risk of failure)
Confirm with . or Enter, or press ? or * to list all spells.
Aiming: Inner Flame (dangerous; 10% risk of failure)
Press: ? - help, Dir - move target, f - orc
Aim: an orc, wielding a +0 flail (chance to affect: 85%)
The orc is filled with an inner flame.
Casting: Inner Flame (dangerous; 10% risk of failure)
Confirm with . or Enter, or press ? or * to list all spells.
You conjure some foxfire!
The orc hits you but does no damage.
The foxfire hits the orc!
You kill the orc!
You slash the orc!
The orc explodes!
The fiery explosion engulfs the orc!!
You kill the orc!
The fiery explosion engulfs your foxfire.
Your foxfire completely resists.
The fiery explosion engulfs you!!
Ouch! That really hurt!
* * * LOW HITPOINT WARNING * * *
You are engulfed in blazing flames.
Ouch! That really hurt!
You die...

#......## #...# #...... #.####..#
#...# #####.. #.#
#.#######...##### #.. #.# #.#
#...#...#...# #.. #.# #.#
#.>.#.⌠.#.<.# #.. #.# ###
#...#..)#...# ### #.#
######.##...##.####### #.#
#.[[#)..........#...## #.#
#.>Y)@8.......8...<.## ####.#
#...#§v.......).#...## #....#
######§##...##.####### #.####
######...#...#...######
####....###...##.>.#.⌠.#.<.##...#
#.....#.....#.##...#...#...##...#
#.......###...######...######...#
........# ##..#### #...## ####.##
........# #####.# #....# #.##.#


You could see an ice beast.

Vanquished Creatures
  Menkaure (D:4)
  A water moccasin (D:5)
  An ice beast (D:5)
  3 scorpions
  A howler monkey (D:4)
  A jelly (D:4)
  5 hounds
  An iguana (D:5)
  Ijyb (D:3)
  A scorpion zombie (D:4)
  A hound zombie (D:4)
  4 adders
  2 white imps (D:5)
  An ufetubus (D:5)
  An adder zombie (D:4)
  A worm (D:2)
  A dart slug (D:5)
  7 orcs
  3 endoplasms
  A giant cockroach (D:3)
  10 goblins
  7 hobgoblins
  3 jackals (D:5)
  5 kobolds
  11 ball pythons
  A bat (D:3)
  4 rats
79 creatures vanquished.

Vanquished Creatures (others)
  96 foxfires
  A plant (D:2)
97 creatures vanquished.

Grand Total: 176 creatures vanquished

Notes
Turn   | Place    | Note
-------+----------+-------------------------------------------
     0 | D:1      | Smoke131 the Draconian Fire Elementalist began the quest
                  | for the Orb.
     0 | D:1      | Reached XP level 1. HP: 14/14 MP: 3/3
   555 | D:1      | Reached XP level 2. HP: 20/20 MP: 5/5
   870 | D:2      | Learned a level 2 spell: Scorch
  1227 | D:2      | Reached XP level 3. HP: 26/26 MP: 6/6
  1949 | D:3      | Reached XP level 4. HP: 28/33 MP: 4/7
  2015 | D:3      | Noticed Ijyb
  2027 | D:3      | Killed Ijyb
  2169 | D:3      | Found a hazy altar of Hepliaklqana.
  2576 | D:4      | Found an ancient bone altar of Kikubaaqudgha.
  2577 | D:4      | Found a transporter.
  2579 | D:4      | Noticed Menkaure
  2611 | D:4      | Reached XP level 5. HP: 38/38 MP: 3/9
  2778 | D:4      | Identified a scroll of acquirement
  2778 | D:4      | Acquired 870 gold pieces
  2932 | D:4      | Found a basalt altar of Yredelemnul.
  2937 | D:4      | Identified the +0 pair of boots of Gom Muel {Harm}
  2990 | D:4      | Reached skill level 4 in Fire Magic
  3272 | D:4      | Found a transporter.
  3312 | D:4      | Learned a level 3 spell: Inner Flame
  3330 | D:4      | Reached XP level 6. HP: 14/45 MP: 2/10
  3338 | D:4      | Killed Menkaure
  3458 | D:4      | Identified the +0 cloak of Waadink {Harm MP-9 Str+4 Stlth+}
  3521 | D:5      | Entered Level 5 of the Dungeon
  3652 | D:5      | Your scales start taking on a dull iron-grey colour.
  3652 | D:5      | Reached XP level 7. HP: 46/50 MP: 8/12
  3738 | D:5      | Reached skill level 5 in Fire Magic
  3959 | D:5      | Learned a level 3 spell: Kindle Blastsparks
  4089 | D:5      | Found a glowing silver altar of Zin.
  4752 | D:5      | Engulfed by a cloud of flame

Illustrated notes

Levels and vault maps discovered:
D:1:      minmay_arrival_stone_box, layout_basic
D:2:      layout_loops_ring, serial_aquarium, aquarium_bridge_square
          [aquarium_subvault_bridge, aquarium_subvault_bridge,
          aquarium_subvault_bridge, aquarium_subvault_wall],
          aquarium_bridge_square [aquarium_subvault_bridge,
          aquarium_subvault_window, aquarium_subvault_wall,
          aquarium_subvault_wall], aquarium_window_fake, aquarium_window_fake,
          aquarium_view_2f, aquarium_balcony_1b,
          corexii_item_surrounded_by_moat, corexii_shack
D:3:      kennysheep_the_goblin_king, layout_rooms,
          worldfamousw_hep_ancestral_shrine, uniq_ijyb
D:4:      layout_basic, gammafunk_temple_of_torment
D:5:      layout_loops_ring, mainiacjoe_overflow_paths,
          nicolae_elevator_lobby_plus
D:6:      layout_rooms, kennysheep_decorative_pillar

Skill      XL: |  1  2  3  4  5  6  7 |
---------------+----------------------+-----
Stealth        | 2 3 |  3.8
Dodging        | 2 |  2.0
Conjurations   | 2 3 4 |  4.7
Spellcasting   | 3 4 |  4.7
Fire Magic     | 4 5 |  5.5

Action                     |  1- 3 |  4- 6 |  7- 9 || total
---------------------------+-------+-------+-------++-------
  Melee: Unarmed           |    18 |       |       ||    18
         Mace              |    49 |     8 |       ||    57
         Tailslap          |     9 |     8 |    11 ||    28
         Scimitar          |       |    56 |    62 ||   118
   Cast: Foxfire           |    14 |    35 |    15 ||    64
         Scorch            |       |     8 |     5 ||    13
         Inner Flame       |       |       |     1 ||     1
  Evoke: Wand              |       |     2 |       ||     2
    Use: Scroll            |       |    13 |       ||    13
         Potion            |       |     2 |       ||     2
   Stab: Sleeping          |     3 |     1 |     2 ||     6
 Armour: Skin              |    23 |    33 |    61 ||   117
  Dodge: Dodged            |    59 |    86 |    85 ||   230

Table legend: (Time is in decaauts)
 A = Elapsed time spent in this place.
 B = Non-inter-level travel time spent in this place.
 C = Inter-level travel time spent in this place.
 D = Time resting spent in this place.
 E = Time spent auto-exploring this place.
 F = Levels seen in this place.
 G = Mean time per level.
                   A        B        C        D        E       F      G
               +--------+--------+--------+--------+--------+-----+--------+
         Total |   4825 |   4588 |    237 |    797 |   2738 |   6 |  804.2 |
       Dungeon |   4825 |   4588 |    237 |    797 |   2738 |   6 |  804.2 |
               +--------+--------+--------+--------+--------+-----+--------+

Top non-repeatable levels by time:
     D:5: 1257 daAuts
     D:2: 1017 daAuts
     D:4: 914 daAuts
     D:3: 819 daAuts
     D:1: 812 daAuts
     D:6: 4 daAuts
